 Dungeon Crawl Stone Soup version 0.27-a0-54-g64bdb92e38 (webtiles) character file.

Game seed: 7130746965933335555

359 Sonofthefire the Covert (level 6, -3/42 HPs)
             Began as an Octopode Delver on Jan 7, 2021.
             Was an Initiate of Dithmenos.
             Slain by a sky beast (6 damage)
             ... on level 5 of the Dungeon.
             The game lasted 00:06:28 (4681 turns).

Sonofthefire the Covert (Octopode Delver)           Turns: 4681, Time: 00:06:29

Health: -3/42      AC:  1    Str: 11    XL:     6   Next: 65%
Magic:  6/6        EV: 13    Int: 15    God:    Dithmenos [......]
Gold:   289        SH:  0    Dex: 15    Spells: 5/5 levels left

rFire    . . .     SeeInvis .   a - +0 short sword
rCold    . . .     Faith    .   (no shield)
rNeg     + . .     Spirit   .   (helmet restricted)
rPois    .         Reflect  .   (no amulet)
rElec    .         Harm     .   i - +6 ring of intelligence
rCorr    .         Rampage  .   j - -4 ring of intelligence (curse)
Will     +....                  t - ring of positive energy
Stlth    +++++.....             h - ring of willpower
HPRegen  0.14/turn              A - ring of wizardry (curse)
MPRegen  0.10/turn              (no ring)
                                (no ring)
                                (no ring)

@: no status effects
A: almost no armour, stealthy swim, amphibious, 8 rings, constrict 8, camouflage
1, gelatinous body 1
a: Renounce Religion


You were on level 5 of the Dungeon.
You worshipped Dithmenos.
Dithmenos was noncommittal.
You visited 2 branches of the dungeon, and saw 7 of its levels.

You collected 289 gold pieces.

Inventory:

Hand Weapons
 a - a +0 short sword (weapon)
Missiles
 B - 46 bolts
Jewellery
 h - a ring of willpower (on tentacle)
 i - a +6 ring of intelligence (left tentacle)
 j - a cursed -4 ring of intelligence (right tentacle)
 t - a ring of positive energy (on tentacle)
 A - a cursed ring of wizardry (on tentacle)
Wands
 f - a wand of digging (3)
Scrolls
 b - a scroll of fog
 c - a scroll of magic mapping
 d - 2 scrolls of fear
 e - a scroll of identify
 g - 3 scrolls of teleportation
 k - 2 scrolls of enchant weapon
 n - 5 scrolls of blinking
 q - 2 scrolls of remove curse
 u - a scroll of immolation
 D - a scroll of amnesia {unknown}
Potions
 l - a potion of mutation {unknown}
 m - 2 potions of curing
 p - a potion of ambrosia {unknown}
 r - a potion of flight {unknown}
 s - a potion of heal wounds {unknown}
 v - a potion of berserk rage {unknown}
 w - a potion of cancellation {unknown}
 x - a potion of lignification {unknown}
 z - a potion of attraction {unknown}
 C - a potion of brilliance {unknown}


   Skills:
 - Level 3.0 Fighting
 + Level 5.0 Short Blades
 - Level 2.0 Dodging
 + Level 9.4 Stealth


You had 5 spell levels left.
You didn't know any spells.
Your spell library was empty.

Dungeon Overview and Level Annotations

Branches:
Dungeon (6/15)             Temple (1/1) D:4

Altars:
Cheibriados
Dithmenos
Kikubaaqudgha
Qazlal
Ru
Sif Muna
Trog
Uskayaw
Wu Jian
Yredelemnul


Innate Abilities, Weirdness & Mutations

You cannot wear most types of armour.
You are very stealthy in the water. (Stealth+)
You are amphibious.
You can wear up to eight rings at the same time.
You can use your tentacles to constrict eight enemies at once.
Your skin changes colour to match your surroundings (Stealth+).
Your rubbery body absorbs attacks. (AC +1, EV +1)


Message History

You kill the jackal!
Dithmenos accepts your kill.
You hit the sky beast but do no damage. The sky beast barely misses you.
You closely miss the sky beast. You hit the sky beast.
The sky beast is lightly wounded.
The sky beast barely misses you.
You hit the sky beast.
The sky beast is lightly wounded.
The sky beast flickers out of sight!
Deactivating autopickup; reactivate with Ctrl-A.
Something hits you. Something shocks you.
You miss something. You squeeze something. Something hits you.
Something shocks you.
You completely miss something. Something hits you. Something shocks you.
* * * LOW HITPOINT WARNING * * *
You miss something. You squeeze something. Something hits you.
* * * LOW HITPOINT WARNING * * *
Something shocks you.
You die...

*,,,#......#......# *
********,,..............#
*
*,,,,,**,,#.#######.....#
*
*,,,,,,,,.#.#≈≈≈≈≈#.....#
*
*,,,,,,,,...#≈≈.≈≈'.....#
#
*,,,,,,,,...#≈≈≈≈≈#.....#
#
*,,,,,,,,...#######.....#
#
*****,,,,*#......{B.....#
#
,,,,,*****##.#..@##§...##
# ,,,,,* *.......>.#....#
# ,,,,,* *.........#....#
# ,,,,,* *.........#....#
# ,,,,,* *.........#....#
# ,,,,,*
*######.###....##########
******
*,,,,*#+**###............
*,,,,*,,,,,,#............
*,,,,+,,,,,,#............


You could see a giant cockroach.

Vanquished Creatures
  A centaur (D:4)
  A hound (D:4)
  An orc priest (D:3)
  A worker ant (D:2)
  A hound skeleton (D:4)
  A howler monkey skeleton (D:4)
  7 adders
  5 worms
  4 dart slugs
  3 leopard geckos
  11 orcs
  4 ball pythons
  2 giant cockroaches (D:5)
  5 goblins
  7 hobgoblins
  11 jackals
  4 bats
  A frilled lizard (D:2)
  6 kobolds
  8 rats
84 creatures vanquished.

Notes
Turn   | Place    | Note
-------+----------+-------------------------------------------
     0 | D:5      | Sonofthefire the Octopode Delver began the quest for the
                  | Orb.
     0 | D:5      | Reached XP level 1. HP: 16/16 MP: 1/1
     1 | D:6      | Noticed a worker ant
     1 | D:6      | Noticed a bullfrog
    22 | D:5      | Noticed an orc priest
    74 | D:4      | Found a stormy altar of Qazlal.
   114 | D:4      | Reached skill level 7 in Stealth
   114 | D:4      | Reached XP level 2. HP: 21/21 MP: 2/2
   192 | D:4      | Reached XP level 3. HP: 22/26 MP: 3/3
   373 | D:3      | Reached XP level 4. HP: 6/31 MP: 4/4
  1403 | D:1      | Reached skill level 8 in Stealth
  2310 | D:2      | Reached XP level 5. HP: 30/36 MP: 5/5
  3538 | D:3      | HP: 1/36 [orc/+0 dagger (3)]
  3949 | D:3      | Found a bloodstained altar of Trog.
  4095 | D:4      | Reached XP level 6. HP: 42/42 MP: 6/6
  4127 | D:4      | Found a bloodstained altar of Trog.
  4143 | D:4      | Reached skill level 9 in Stealth
  4353 | D:4      | Found a staircase to the Ecumenical Temple.
  4499 | Temple   | Entered the Ecumenical Temple
  4539 | Temple   | Became a worshipper of Dithmenos the Shadowed
  4646 | D:5      | Noticed a sky beast
  4663 | D:5      | Reached skill level 5 in Short Blades
  4681 | D:5      | Slain by a sky beast

Illustrated notes

Levels and vault maps discovered:
D:1:      wander_arrival_abandoned_jail, layout_loops_ring, minmay_crystal_room,
          minmay_tiny_reverse_x
D:2:      layout_basic, grunt_ministairs_6,
          wander_ebering_terrifying_dragon_lair
D:3:      layout_basic, bloody_trog
D:4:      wad_pebble_path, layout_loops_ring, grunt_qazlal_sundering,
          nicolae_overflow_crystal_walls, minmay_temple_entry_enclosed_plants
D:5:      layout_gridville, chequers_temple_overflow_statue_of_worship,
          gup_sewer_entry_glass, uniq_ijyb, uniq_prince_ribbit1
D:6:      layout_basic, grunt_ministairs_2, cheibrodos_worm_habitat,
          uniq_blork_the_orc, uniq_pikel, uniq_edmund, uniq_maggie
Temple:   minmay_crystal_spiral_temple

Skill      XL: |  1  2  3  4  5  6 |
---------------+-------------------+-----
Stealth        | 7 8 9 |  9.4
Short Blades   | 3 4 5 |  5.0
Fighting       | |  3.0
Dodging        | |  2.0

Action                   |  1- 3 |  4- 6 || total
-------------------------+-------+-------++-------
Melee: Short sword       |    33 |   148 ||   181
       Tentacles         |     5 |    29 ||    34
       Constrict         |     7 |    34 ||    41
  Use: Scroll            |       |     6 ||     6
       Potion            |       |     4 ||     4
 Stab: Sleeping          |     5 |    29 ||    34
       Distracted        |       |     1 ||     1
       Invisible         |       |     3 ||     3
Armor: Skin              |       |     9 ||     9
Dodge: Dodged            |    21 |    76 ||    97

Table legend: (Time is in decaauts)
 A = Elapsed time spent in this place.
 B = Non-inter-level travel time spent in this place.
 C = Inter-level travel time spent in this place.
 D = Time resting spent in this place.
 E = Time spent auto-exploring this place.
 F = Levels seen in this place.
 G = Mean time per level.
                   A        B        C        D        E       F      G
               +--------+--------+--------+--------+--------+-----+--------+
         Total |   4645 |   4346 |    299 |    791 |   2940 |   7 |  663.6 |
       Dungeon |   4566 |   4306 |    260 |    791 |   2904 |   6 |  761.0 |
        Temple |     78 |     40 |     38 |      0 |     36 |   1 |   78.0 |
               +--------+--------+--------+--------+--------+-----+--------+

Top non-repeatable levels by time:
     D:3: 1600 daAuts
     D:2: 1166 daAuts
     D:1: 911 daAuts
     D:4: 776 daAuts
     D:5: 109 daAuts
  Temple: 78 daAuts
     D:6: 1 daAuts
